 Dungeon Crawl Stone Soup version 0.31-a0-231-g51bb95cda3 (webtiles) character file.

Game seed: 16912114106909571032

133 qw the Shooter (level 4, 0/36 HPs)
             Began as a Minotaur Hexslinger on July 6, 2023.
             Succumbed to a scorpion's poison
             ... on level 3 of the Dungeon.
             The game lasted 00:00:35 (1453 turns).

qw the Shooter (Minotaur Hexslinger)                Turns: 1453, Time: 00:00:36

Health: 0/36       AC:  2    Str: 18    XL:     4   Next: 94%
Magic:  4/4        EV: 12    Int: 10    God:
Gold:   118        SH:  0    Dex: 15    Spells: 4/5 levels left

rFire   + . .        Y - +1 sling
rCold   . . .        (no shield)
rNeg    + . .        c - +0 robe
rPois   .            (helmet restricted)
rElec   .            (no cloak)
rCorr   .            (no gloves)
SInv    .            (no boots)
Will    .....        (no amulet)
Stlth   +            d - +6 ring of strength
HPRegen 0.26/turn    b - ring of Avasewk {rF+ rN+}
MPRegen 0.09/turn

%: no passive effects
@: lethally poisoned (0 -> -1)
A: horns 2, retaliatory headbutt
a: no special abilities


You were on level 3 of the Dungeon.
You visited 1 branch of the dungeon, and saw 3 of its levels.

You collected 118 gold pieces.


Innate Abilities, Weirdness & Mutations

You have a pair of horns on your head.
You reflexively headbutt those who attack you in melee.


   Skills:
 + Level 2.0 Fighting
 - Level 5.4 Ranged Weapons
 - Level 2.1 Dodging
 - Level 1.0 Spellcasting
 - Level 2.0 Hexes


You had 4 spell levels left.
You knew the following spells:

 Your Spells              Type           Power      Damage    Failure   Level
a - Slow                  Hex            16%        N/A       16%         1

Your spell library contained the following spells:

 Spells                   Type           Power      Damage    Failure   Level
 Inner Flame              Hex/Fire       2%         N/A       56%         3
 Portal Projectile        Hex/Tloc       4%         N/A       56%         3
 Cause Fear               Hex            2%         N/A       83%         4

Inventory:

Hand Weapons
 Y - a +1 sling (weapon)
Armour
 c - a +0 robe (worn)
Jewellery
 b - the ring of Avasewk (right hand) {rF+ rN+}
   (You found it on level 2 of the Dungeon)

   [ring of protection from fire]

   rF:        It protects you from fire.
   rN:        It protects you from negative energy.
 d - a +6 ring of strength (left hand)
Scrolls
 a - 5 scrolls of identify {unknown}
 e - a scroll of silence {unknown}
Potions
 f - a potion of magic {unknown}

Dungeon Overview and Level Annotations

Branches:
Dungeon (3/15)

Altars:


Message History

The scorpion closely misses you. You furiously retaliate!
You headbutt the scorpion! The scorpion stings you.
You are poisoned.
The scorpion poisons you!
You shoot a sling bullet. The sling bullet hits the scorpion.
The scorpion is severely wounded.
You feel very sick. The scorpion misses you.
You shoot a sling bullet. The sling bullet hits the scorpion.
The scorpion is severely wounded.
You feel sick. The scorpion stings you.
You are more poisoned.
The scorpion poisons you!
You shoot a sling bullet. The sling bullet hits the scorpion.
You kill the scorpion!
You feel very sick.
Your Ranged Weapons skill increases to level 5!
You shoot a sling bullet. The sling bullet hits the orc.
The orc is heavily wounded.
You feel very sick.
You shoot a sling bullet. The sling bullet hits the orc!
You kill the orc!
You feel sick.
You hear some strange, mumbled words.
A magic dart appears from out of thin air!
The magic dart hits you!
1447 ||| FLEEEEING.
You feel sick.
1448 ||| FLEEEEING.
You feel sick.
1449 ||| FLEEEEING.
You feel sick.
1450 ||| FLEEEEING.
You feel sick.
1451 ||| FLEEEEING.
You feel sick.
1452 ||| FLEEEEING.
You feel sick.
1453 ||| FLEEEEING.
You die...

............##...........
#..#..................#...
...####..####.....##.........
.. #....# #####.##..# .....
...#.## #........# ..)..
..... ##.###.##.##..... ..#.#
##................ . #.
#................. ..
#@#.............## ...
#####.##.............. .....
#.o...#####.###.#.....
......###.##### #..# #.......
......#)..########.##
#....... ........##.........
####......
.....o###..########
#......... .......##.##
####........# .... #.#..#
######.....####...


There were no monsters in sight!

Vanquished Creatures
  A scorpion (D:3)
  3 adders
  A worm (D:3)
  2 dart slugs
  2 orcs (D:3)
  3 endoplasms (D:2)
  4 giant cockroaches
  4 goblins
  A hobgoblin (D:1)
  3 jackals (D:1)
  5 ball pythons
  2 bats
  6 frilled lizards
  2 kobolds
  6 rats
45 creatures vanquished.

Notes
Turn   | Place    | Note
-------+----------+-------------------------------------------
     0 | D:1      | qw the Minotaur Hexslinger began the quest for the Orb.
     0 | D:1      | Reached XP level 1. HP: 16/16 MP: 1/1
     0 | D:1      | 0 ||| qw: Version: 0.3-a-46-gb1f654a
     0 | D:1      | 0 ||| qw: Game counter: 1873
     0 | D:1      | 0 ||| qw: Melee chars always use a shield: true
     0 | D:1      | 0 ||| qw: God list: Okawaru
     0 | D:1      | 0 ||| qw: Allow faded altars: false
     0 | D:1      | 0 ||| qw: Do Orc after clearing Dungeon:15 true
     0 | D:1      | 0 ||| qw: Do second Lair branch before Depths: true
     0 | D:1      | 0 ||| qw: Lair rune preference: random
     0 | D:1      | 0 ||| qw: Goals: Normal
     0 | D:1      | 0 ||| PLANNING D:1-11
   140 | D:1      | Reached skill level 3 in Ranged Weapons
   146 | D:1      | Reached XP level 2. HP: 23/23 MP: 2/2
   861 | D:1      | 861 ||| UPGRADING to +6 ring of strength.
   862 | D:1      | 862 ||| READING scroll labelled LOFUMNE KUEKENN.
   863 | D:1      | 863 ||| DROPPING scroll of poison.
   885 | D:2      | Reached XP level 3. HP: 29/29 MP: 3/3
   919 | D:2      | Identified the +0 spear of the Reaper {heavy, rCorr Int+4}
   929 | D:2      | Reached skill level 4 in Ranged Weapons
  1097 | D:2      | Identified the ring of Avasewk {rF+ rN+}
  1261 | D:2      | 1261 ||| UPGRADING to ring of Avasewk {rF+ rN+}.
  1262 | D:2      | 1262 ||| READING scroll labelled PAICSOCWYZ.
  1263 | D:2      | 1263 ||| READING scroll labelled TAKKEXE RESODAER.
  1299 | D:3      | Reached XP level 4. HP: 32/36 MP: 4/4
  1431 | D:3      | Noticed a scorpion
  1444 | D:3      | Killed a scorpion
  1445 | D:3      | Reached skill level 5 in Ranged Weapons
  1446 | D:3      | HP: 6/36 [something/magic dart (10)]
  1447 | D:3      | 1447 ||| FLEEEEING.
  1448 | D:3      | 1448 ||| FLEEEEING.
  1449 | D:3      | 1449 ||| FLEEEEING.
  1450 | D:3      | 1450 ||| FLEEEEING.
  1450 | D:3      | HP: 2/36 [poisoned by a scorpion]
  1451 | D:3      | 1451 ||| FLEEEEING.
  1452 | D:3      | 1452 ||| FLEEEEING.
  1453 | D:3      | 1453 ||| FLEEEEING.
  1453 | D:3      | Succumbed to a scorpion's poison

Levels and vault maps discovered:
D:1:      erik_arrival_blinker_ship, layout_basic
D:2:      layout_rooms
D:3:      layout_rooms, trog_wizard

Skill      XL: |  1  2  3  4 |
---------------+-------------+-----
Ranged Weapons | 3 4 5 |  5.4
Fighting       | 2 |  2.0
Dodging        | |  2.1
Spellcasting   | |  1.0
Hexes          | |  2.0

Action                     |  1- 3 |  4- 6 || total
---------------------------+-------+-------++-------
   Fire: Sling             |   114 |    20 ||   134
    Use: Scroll            |     3 |       ||     3
 Armour: Robe              |     8 |       ||     8
  Dodge: Dodged            |    35 |     5 ||    40

Table legend:
 A = Non-vault XP
 B = Vault XP
 C = Vault XP percentage of total XP
 D = Non-vault monster count
 E = Vault monster count
 F = Vault count percentage of total count
                 A         B        C        D         E       F
            +---------+---------+-------+---------+---------+-------
      Total |     191 |       0 |   0.0 |      45 |       0 |   0.0
            +---------+---------+-------+---------+---------+-------
        D:1 |      36 |       0 |   0.0 |      23 |       0 |   0.0
        D:2 |      45 |       0 |   0.0 |      15 |       0 |   0.0
        D:3 |     110 |       0 |   0.0 |       7 |       0 |   0.0
            +---------+---------+-------+---------+---------+-------
